 Dungeon Crawl Stone Soup version 0.30.0-5-g1a98f26d00 (webtiles) character file.

Game seed: 14051027201315800112

791 freelancePsychic the Digger (level 7, -2/43 HPs)
             Began as a Gargoyle Earth Elementalist on May 10, 2023.
             Slain by a bullfrog (5 damage)
             ... on level 4 of the Dungeon.
             The game lasted 00:06:31 (3447 turns).

freelancePsychic the Digger (GrEE)                  Turns: 3447, Time: 00:06:32

Health: -2/43      AC:  7    Str: 11    XL:     7   Next: 88%
Magic:  7/10       EV: 12    Int: 18    God:
Gold:   203        SH:  0    Dex: 16    Spells: 4/10 levels left

rFire   . . .        b - +0 dagger (venom)
rCold   . . .        (no shield)
rNeg    + . .        c - +0 robe
rPois   ∞            (no helmet)
rElec   +            (no cloak)
rCorr   .            k - +0 pair of gloves
SInv    .            (no boots)
Will    .....        (no amulet)
Stlth   +++          g - +6 ring of dexterity
HPRegen 0.27/turn    (no ring)
MPRegen 0.12/turn

%: no passive effects
@: no status effects
A: sickness immunity, AC +4, negative energy resistance 1, electricity
resistance, torment resistance 1, petrification resistance
a: no special abilities


You were on level 4 of the Dungeon.
You visited 1 branch of the dungeon, and saw 5 of its levels.
You also visited: Sewer.

You collected 203 gold pieces.

Inventory:

Hand Weapons
 a - a +3 short sword of speed
 b - a +0 dagger of venom (weapon)
Armour
 c - a +0 robe (worn)
 k - a +0 pair of gloves (worn)
 q - a +0 leather armour
 u - a +0 buckler
Jewellery
 g - a +6 ring of dexterity (left hand)
 n - a ring of wizardry
 o - an amulet of the acrobat
Wands
 m - a wand of digging (3)
 v - a wand of iceblast (9)
Scrolls
 e - 2 scrolls of immolation
 h - a scroll of blinking
 l - a scroll of enchant armour
 s - a scroll of brand weapon
Potions
 d - a potion of brilliance {unknown}
 f - a potion of degeneration {unknown}
 j - 3 potions of might {unknown}
 p - 2 potions of berserk rage
 r - a potion of curing {unknown}
 t - a potion of lignification {unknown}
 w - a potion of magic


   Skills:
 + Level 4.1 Fighting
 - Level 1.5 Dodging
 - Level 5.0 Stealth
 + Level 2.3 Spellcasting
 - Level 5.0 Conjurations
 - Level 0.7 Transmutations
 + Level 6.0 Earth Magic


You had 4 spell levels left.
You knew the following spells:

 Your Spells              Type           Power      Damage    Failure   Level
a - Sandblast             Erth           46%        2d11      1%          1
b - Searing Ray           Conj           40%        2d5       3%          2
c - Stone Arrow           Conj/Erth      44%        3d9       5%          3

Your spell library contained the following spells:

 Spells                   Type           Power      Damage    Failure   Level
 Magic Dart               Conj           80%        1d7       2%          1
 Passwall                 Tmut/Erth      11%        N/A       7%          2
 Apportation              Tloc           4%         N/A       17%         1
 Necrotise                Necr           8%         1d4       17%         1
 Summon Small Mammal      Summ           8%         N/A       17%         1
 Ensorcelled Hibernation  Hex/Ice        4%         N/A       26%         2
 Spider Form              Tmut/Pois      3%         N/A       41%         3
 Petrify                  Tmut/Erth      14%        N/A       41%         4
 Ignite Poison            Fire/Tmut/Pois 2%         N/A       43%         3
 Gell's Gravitas          Tloc           2%         N/A       45%         3
 Teleport Other           Tloc           2%         N/A       45%         3
 Fulminant Prism          Conj/Hex       5%         3d6       52%         4
 Sticky Flame             Conj/Fire      11%        2d3       52%         4
 Anguish                  Hex/Necr       1%         N/A       86%         4
 Irradiate                Conj/Tmut      6%         3d13      83%         5
 Blade Hands              Tmut           2%         N/A       98%         5
 Dispersal                Tloc           1%         N/A       100%        6
 Dragon Form              Tmut           2%         N/A       100%        7
 Ignition                 Fire           1%         3d3       100%        8


Dungeon Overview and Level Annotations

Branches:
Dungeon (5/15)              Sewer (visited)
 Temple: D:4-7

Altars:
Ashenzari


Innate Abilities, Weirdness & Mutations

You are immune to sickness and miasma.
Your stone body is resilient. (AC +4)
You are immune to poison.
You resist negative energy. (rN+)
You are resistant to electric shocks. (rElec)
You are resistant to unholy torment.
You are immune to petrification.


Message History

No target in view!
No target in view!
No target in view!
No target in view!
No target in view!
No target in view!
You now have 203 gold pieces (gained 12).
Done exploring.
(D) Dungeon
Where to? (Enter - D:4, ? - help)
There is a stone staircase leading down here.
You climb downwards.
Found a pair of embroidered boots.
Found a stone staircase leading down.
There is a stone staircase leading up here.
There are monsters nearby!
The gnoll shouts!
The gnoll bouda shouts!
The gnoll shouts!
The gnoll hits you but does no damage. The gnoll attacks as you move away!
The gnoll closely misses you.
The bullfrog hits you but does no damage. x2
The gnoll shouts!
There is a stone staircase leading up here.
The bullfrog hits you. The gnoll hits you with a +0 flail.
The gnoll hits you with a +0 whip.
You climb upwards.
There is a stone staircase leading down here.
The stone arrow misses the bullfrog.
The bullfrog hits you. The gnoll misses you. The gnoll barely misses you.
The bullfrog hits you.
You are too injured to fight recklessly!
You completely miss the bullfrog. The bullfrog hits you!
The gnoll hits you with a +0 flail! The gnoll misses you.
The gnoll attacks as you move away! The gnoll hits you with a +0 flail.
* * * LOW HITPOINT WARNING * * *
The bullfrog attacks as you move away! The bullfrog hits you.
* * * LOW HITPOINT WARNING * * *
The gnoll attacks as you move away! The gnoll hits you with a +0 whip.
* * * LOW HITPOINT WARNING * * *
The bullfrog hits you.
* * * LOW HITPOINT WARNING * * *
The bullfrog attacks as you move away! The bullfrog hits you.
You die...

######### ### ##..##...#
###.# #...##...#
##...#####..#.#...#
##.....##.........##
#####......#...#......#
##............##.g..###
.....#...)......@F..###
.....#.........#g>....#
#....#................#
#..##........##......##
...##........##......##
.####........##.......##
####........###........#
..#...................##
..................##..##


You could see a bullfrog and 2 gnolls.

Vanquished Creatures
  2 water moccasins
  A phantom (D:3)
  A scorpion (D:4)
  A hound (D:4)
  4 orc priests
  2 orc wizards (D:3)
  Natasha (thrice) (D:2)
  4 gnolls (D:4)
  2 adders (D:4)
  A river rat (D:3)
  A shadow imp (D:4)
  An ufetubus (D:4)
  2 worms (D:3)
  A dart slug (D:1)
  15 orcs
  A ball python (D:3)
  5 endoplasms
  4 giant cockroaches
  2 goblins (D:4)
  6 hobgoblins
  4 jackals (D:4)
  4 kobolds
  2 quokkas
  11 bats
  2 frilled lizards
  8 rats
90 creatures vanquished.

Notes
Turn   | Place    | Note
-------+----------+-------------------------------------------
     0 | D:1      | freelancePsychic the Gargoyle Earth Elementalist began the
                  | quest for the Orb.
     0 | D:1      | Reached XP level 1. HP: 10/10 MP: 3/3
   243 | D:1      | Reached skill level 1 in Conjurations
   243 | D:1      | Reached XP level 2. HP: 13/16 MP: 3/5
   327 | D:1      | Found a faded altar of an unknown god.
   633 | D:1      | Reached skill level 1 in Fighting
   901 | D:2      | Learned a level 2 spell: Searing Ray
   950 | D:2      | Noticed Natasha
   954 | D:2      | Killed Natasha
   955 | D:2      | Reached skill level 4 in Earth Magic
   955 | D:2      | Reached XP level 3. HP: 20/20 MP: 2/6
   976 | D:2      | Noticed Natasha
   984 | D:2      | Killed Natasha
   985 | D:2      | Reached XP level 4. HP: 21/25 MP: 1/7
  1345 | D:2      | Noticed Natasha
  1350 | D:2      | Killed Natasha
  1634 | D:3      | Reached XP level 5. HP: 30/30 MP: 4/8
  1761 | D:3      | Found a glowing drain.
  1857 | Sewer    | Entered a sewer
  1885 | Sewer    | Noticed a water moccasin
  1892 | Sewer    | Killed a water moccasin
  1893 | Sewer    | Reached XP level 6. HP: 31/36 MP: 5/9
  2149 | D:3      | Reached skill level 5 in Earth Magic
  2365 | D:3      | Learned a level 3 spell: Stone Arrow
  2409 | D:3      | Reached XP level 7. HP: 26/41 MP: 0/10
  2778 | D:4      | Reached skill level 5 in Stealth
  2778 | D:4      | Reached skill level 5 in Conjurations
  2941 | D:4      | Found a broken altar of Ashenzari.
  3226 | D:4      | Reached skill level 6 in Earth Magic
  3439 | D:5      | Entered Level 5 of the Dungeon
  3447 | D:4      | Slain by a bullfrog

Illustrated notes

Levels and vault maps discovered:
D:1:      lightli_arrival_quake, layout_loops_ring,
          hellmonk_ecumenical_altar_blasted
D:2:      layout_rooms, uniq_natasha
D:3:      layout_basic, portal_sewer_entry_b
D:4:      layout_cave_pools, overflow_temple_1_default
D:5:      layout_basic, gammafunk_ghost_arena, uniq_eustachio

Skill      XL: |  1  2  3  4  5  6  7 |
---------------+----------------------+-----
Conjurations   | 1 2 4 5 |  5.0
Fighting       | 1 2 3 4 |  4.1
Earth Magic    | 4 5 6 |  6.0
Stealth        | 3 4 5 |  5.0
Dodging        | |  1.5
Spellcasting   | |  2.3
Transmutations | |  0.7

Action                     |  1- 3 |  4- 6 |  7- 9 || total
---------------------------+-------+-------+-------++-------
  Melee: Short sword       |       |    50 |    17 ||    67
         Punch             |       |     1 |     2 ||     3
         Dagger            |       |       |    10 ||    10
   Cast: Sandblast         |    30 |    39 |    35 ||   104
         Searing Ray       |       |     5 |     1 ||     6
         Stone Arrow       |       |     2 |     5 ||     7
    Use: Scroll            |       |     5 |     2 ||     7
   Stab: Sleeping          |       |     2 |     1 ||     3
         Distracted        |       |       |     1 ||     1
 Armour: Robe              |     4 |    19 |    23 ||    46
  Dodge: Dodged            |     5 |    24 |    51 ||    80
